 Dungeon Crawl Stone Soup version 0.31-a0-549-gf98fd537a9 (webtiles) character file.

Game seed: 16528588667504865906

123 AdnanSaban the Shield-Bearer (level 5, 0/33 HPs)
             Began as a Gargoyle Fighter on Aug 16, 2023.
             Slain by an orc wizard
             ... wielding a +0 dagger
              (2 damage)
             ... on level 5 of the Dungeon.
             The game lasted 00:01:40 (2020 turns).

AdnanSaban the Shield-Bearer (Gargoyle Fighter)     Turns: 2020, Time: 00:01:40

Health: 0/33       AC: 11    Str: 22    XL:     5   Next: 7%
Magic:  5/5        EV:  9    Int:  8    God:
Gold:   119        SH:  0    Dex:  9    Spells: 4/4 levels left

rFire   . . .        a - +0 flail
rCold   . . .        c - +0 buckler
rNeg    + . .        b - +0 scale mail
rPois   ∞            (no helmet)
rElec   +            (no cloak)
rCorr   .            (no gloves)
SInv    .            (no boots)
Will    .....        (no amulet) Stlth
                     (no ring)
HPRegen 0.25/turn    (no ring)
MPRegen 0.09/turn

%: no passive effects
@: confused
A: sickness immunity, AC +4, negative energy resistance 1, electricity
resistance, torment resistance 1, petrification resistance
a: no special abilities


You were on level 5 of the Dungeon.
You visited 1 branch of the dungeon, and saw 5 of its levels.

You collected 119 gold pieces.

Inventory:

Hand Weapons
 a - a +0 flail (weapon)
Missiles
 l - 6 boomerangs
Armour
 b - a +0 scale mail (worn)
 c - a +0 buckler (worn)
Scrolls
 f - 3 scrolls of enchant armour {unknown}
 i - a scroll of poison {unknown}
 j - a scroll of identify {unknown}
 k - 2 scrolls of immolation {unknown}
 n - a scroll of noise {unknown}
Potions
 d - 2 potions of might
 e - a potion of magic {unknown}
 g - a potion of curing {unknown}
 h - 3 potions of enlightenment {unknown}
 m - 2 potions of heal wounds {unknown}


   Skills:
 + Level 3.8 Fighting
 + Level 3.2 Maces & Flails
 + Level 3.9 Armour
 + Level 1.2 Dodging
 + Level 0.1 Stealth
 + Level 3.9 Shields


You had 4 spell levels left.
You didn't know any spells.
Your spell library contained the following spells:

 Spells                   Type           Power      Damage    Failure   Level
 Sting                    Tmut/Pois      0%         1d3       80%         1
 Poisonous Vapours        Pois/Air       0%         N/A       90%         2
 Wereblood                Tmut           0%         N/A       90%         2
 Inner Flame              Hex/Fire       0%         N/A       99%         3
 Flame Wave               Conj/Fire      0%         2d4       100%        4
 Olgreb's Toxic Radiance  Pois           0%         N/A       100%        4
 Sticky Flame             Conj/Fire      0%         2d3       100%        4
 Summon Hydra             Summ           0%         N/A       100%        7
 Sublimation of Blood     Necr           Unusable   N/A       N/A         2

Dungeon Overview and Level Annotations

Branches:
Dungeon (6/15)
 Temple: D:4-7

Altars:


Innate Abilities, Weirdness & Mutations

You are immune to sickness and miasma.
Your stone body is resilient. (AC +4)
You are immune to poison.
You resist negative energy. (rN+)
You are resistant to electric shocks. (rElec)
You are resistant to unholy torment.
You are immune to petrification.


Message History

2 orcs and an orc wizard come into view.
The orc shouts! x2; The orc wizard shouts!
The orc priest mumbles some strange prayers to Beogh against you.
Beogh smites you!
The orc moves out of view.
The orc wizard moves out of view.
An orc comes into view. It is wielding a +1 dagger of speed.
Found a stone staircase leading up.
The orc shouts!
The ufetubus hits you. You block the ufetubus's attack.
Found a stone staircase leading up.
The orc wizard points at you and mumbles some strange words.
You are confused.
You're too confused to move!
An orc wizard appears from thin air!
Reactivating autopickup.
The ufetubus hits you but does no damage.
The ufetubus hits you. The orc wizard barely misses you.
The ufetubus closely misses you.
The ufetubus hits you but does no damage.
The orc attacks as you move away! The orc hits you with a +0 mace!
* * * LOW HITPOINT WARNING * * *
The orc attacks as you move away! The orc barely misses you.
The ufetubus hits you but does no damage.
The ufetubus barely misses you.
The orc wizard gestures wildly while chanting.
The orc wizard flickers and vanishes!
Deactivating autopickup; reactivate with Ctrl-A.
You miss the ufetubus.
The ufetubus hits you but does no damage. x2
The orc wizard hits you with a +0 dagger.
* * * LOW HITPOINT WARNING * * *
The orc hits you but does no damage. The orc hits you with a +0 falchion.
* * * LOW HITPOINT WARNING * * *
The ufetubus closely misses you. x2
You completely miss the ufetubus.
The ufetubus hits you but does no damage.
The ufetubus closely misses you. The orc closely misses you.
The orc hits you but does no damage. The ufetubus closely misses you.
The ufetubus completely misses you.
You bump into the rock wall.
The orc hits you but does no damage. x2
The orc wizard hits you with a +0 dagger.
You die...

#...........# #.....#
###.... .. . #.....#
..... ...#####....o# #
.........#.#.......#.#
#...#.........#
###.......o....##
.......{o......#
.......oo...####
......o5@##..#
......oo###.....
.......o.#####...
.##.....## ....
#...... ... #.....# ..
#......# #...<....
#....<...


You could see 2 orc priests, an orc wizard, 6 orcs and an ufetubus.

Vanquished Creatures
  Terence (D:2)
  Natasha (twice) (D:2)
  2 adders
  An ufetubus (D:2)
  2 endoplasms (D:2)
  A hobgoblin (D:1)
  2 jackals (D:2)
  2 kobolds (D:2)
  2 quokkas (D:1)
  5 ball pythons
  4 frilled lizards
  4 goblins
  A rat (D:2)
29 creatures vanquished.

Notes
Turn   | Place    | Note
-------+----------+-------------------------------------------
     0 | D:1      | AdnanSaban the Gargoyle Fighter began the quest for the
                  | Orb.
     0 | D:1      | Reached XP level 1. HP: 14/14 MP: 1/1
   393 | D:1      | Reached XP level 2. HP: 19/19 MP: 2/2
  1029 | D:2      | Reached XP level 3. HP: 23/23 MP: 3/3
  1046 | D:2      | Noticed Natasha
  1055 | D:2      | Killed Natasha
  1221 | D:2      | Noticed Terence
  1231 | D:2      | Killed Terence
  1232 | D:2      | Reached XP level 4. HP: 28/29 MP: 4/4
  1372 | D:2      | Noticed Natasha
  1382 | D:2      | Killed Natasha
  1856 | D:3      | Reached skill level 1 in Dodging
  1927 | D:3      | You fall into a shaft and drop 3 floors!
  1944 | D:6      | Noticed an ogre
  1968 | D:5      | Entered Level 5 of the Dungeon
  1974 | D:5      | Reached XP level 5. HP: 33/33 MP: 5/5
  2018 | D:5      | HP: 1/33 [orc/+0 falchion (4)]
  2020 | D:5      | Slain by an orc wizard

Illustrated notes

Levels and vault maps discovered:
D:1:      lemuel_arrival_lava_pool, layout_basic, chequers_serial_rivers_room_a
D:2:      layout_loops_cross, uniq_terence, uniq_natasha
D:3:      layout_basic, gup_sewer_entry_spiral
D:5:      minmay_general_purpose_star, layout_cave_pools, lemuel_round_altar,
          hex_medium, chequers_serial_rivers_large_b, minmay_misc_feat_hallway
D:6:      nicolae_cairo_tiling, layout_basic, corexii_shack

Skill      XL: |  1  2  3  4 |
---------------+-------------+-----
Maces & Flails | 3 |  3.2
Dodging        | 1 |  1.2
Fighting       | |  3.8
Armour         | |  3.9
Stealth        | |  0.1
Shields        | |  3.9

Action                     |  1- 3 |  4- 6 || total
---------------------------+-------+-------++-------
  Melee: Flail             |    59 |    40 ||    99
 Armour: Scale mail        |    31 |    45 ||    76
  Dodge: Dodged            |    34 |    65 ||    99
  Block: Buckler           |    17 |    17 ||    34

Table legend: (Time is in decaauts)
 A = Elapsed time spent in this place.
 B = Non-inter-level travel time spent in this place.
 C = Inter-level travel time spent in this place.
 D = Time resting spent in this place.
 E = Time spent auto-exploring this place.
 F = Levels seen in this place.
 G = Mean time per level.
                   A        B        C        D        E       F      G
               +--------+--------+--------+--------+--------+-----+--------+
         Total |   2048 |   2006 |     42 |      0 |   1687 |   5 |  409.6 |
       Dungeon |   2048 |   2006 |     42 |      0 |   1687 |   5 |  409.6 |
               +--------+--------+--------+--------+--------+-----+--------+

Top non-repeatable levels by time:
     D:1: 802 daAuts
     D:2: 746 daAuts
     D:3: 405 daAuts
     D:5: 53 daAuts
     D:6: 40 daAuts
